 Dungeon Sprint DCSS version 0.26.1-11-gd32895ea62 (webtiles) character file.

Game seed: 6559386783306801062

28970 Groucho the Imperceptible (level 13, -24/65 HPs)
             Began as a Spriggan Enchanter on July 8, 2021.
             Was the Champion of Kikubaaqudgha.
             Blown up by Boris (70 damage)
             ... with an orb of destruction
             ... in the Dungeon (Sprint VII: "The Pits").
             The game lasted 00:29:19 (11756 turns).

Groucho the Imperceptible (Spriggan Enchanter)     Turns: 11756, Time: 00:29:19

Health: -24/65     AC:  7    Str: 14    XL:     13   Next: 12%
Magic:  23/33      EV: 34    Int: 17    God:    Kikubaaqudgha [******]
Gold:   11         SH:  0    Dex: 17    Spells: 24/42 levels left

rFire    . . .     SeeInvis +   a - +2 dagger
rCold    . . .     Faith    .   (shield restricted)
rNeg     . . .     Spirit   .   b - +0 robe
rPois    .         Reflect  .   (helmet restricted)
rElec    .         Harm     .   i - +1 cloak
rCorr    .         Rampage  .   (gloves unavailable)
Will     ++...     NoTele   +   (boots unavailable)
Stlth    ++++++++..             (no amulet)
HPRegen  0.20/turn              v - +6 ring of strength
MPRegen  0.23/turn              o - +3 ring of protection

@: confusing touch, very quick
A: very small, unfitting armour, see invisible, speed 3
a: Renounce Religion, Receive Corpses, Torment, Brand Weapon With Pain, Receive
Necronomicon


You were in the Dungeon.
You worshipped Kikubaaqudgha.
Kikubaaqudgha was exalted by your worship.
You visited 1 branch You collected 11 gold pieces.

Inventory:

Hand Weapons
 a - a +2 dagger (weapon)
 q - a +2 rapier of electrocution
Missiles
 m - 28 stones (quivered)
Armour
 b - a +0 robe (worn)
 i - a +1 cloak (worn)
 n - a +0 buckler
 r - +2 acid dragon scales
Jewellery
 o - a +3 ring of protection (right hand)
 u - an uncursed ring of fire
 v - a +6 ring of strength (left hand)
 x - an uncursed ring of positive energy
Wands
 s - a wand of digging (6)
Scrolls
 j - 5 scrolls of remove curse
 k - 5 scrolls of amnesia
 l - a scroll of summoning
 y - 9 scrolls of enchant armour
 A - 2 scrolls of fear
Potions
 c - 2 potions of invisibility
 d - 5 potions of curing
 e - a potion of heal wounds
 f - 4 potions of haste
 g - 4 potions of magic
 h - 4 potions of berserk rage
 p - 3 potions of might
 t - a potion of resistance
 w - a potion of flight
 z - a potion of brilliance


   Skills:
 + Level 6.4 Fighting
 + Level 11.4 Short Blades
 * Level 19.2 Dodging
 - Level 21.0 Stealth
 + Level 5.1 Shields
 + Level 15.0 Spellcasting
 * Level 9.2 Conjurations
 - Level 14.0 Hexes
 * Level 13.1 Necromancy


You had 24 spell levels left.
You knew the following spells:

 Your Spells              Type           Power        Failure   Level
a - Corona                Hex            63%          0%          1
b - Ensorcelled Hibernat  Hex/Ice        72%          1%          2
c - Confusing Touch       Hex            57%          1%          3
d - Dazzling Flash        Conj/Hex       100%         1%          3
e - Dispel Undead         Necr           55%          1%          4
f - Agony                 Necr           55%          1%          5

Your spell library contained the following spells:

 Spells                   Type           Power        Failure   Level
 Animate Skeleton         Necr           100%         1%          1
 Pain                     Necr           100%         1%          1
 Sublimation of Blood     Necr           27%          1%          2
 Tukima's Dance           Hex            57%          1%          3
 Vampiric Draining        Necr           27%          1%          3
 Death Channel            Necr           27%          3%          6
 Mephitic Cloud           Conj/Pois/Air  23%          4%          3
 Call Imp                 Summ           12%          8%          2
 Borgnjor's Vile Clutch   Necr/Erth      17%          10%         5
 Simulacrum               Ice/Necr       17%          47%         6
 Orb of Destruction       Conj           22%          69%         7
 Summon Demon             Summ           6%           80%         5


Dungeon Overview and Level Annotations

Branches:
Dungeon (1/1)

Altars:
Ashenzari
Cheibriados
Dithmenos
Elyvilon
Fedhas
Gozag
Hepliaklqana
Kikubaaqudgha
Makhleb
Nemelex Xobeh
Okawaru
Qazlal
Ru
Sif Muna
Trog
Uskayaw
Vehumet
Wu Jian
Xom
Yredelemnul
Zin
The Shining One
Beogh
Jiyva
Lugonu

Annotations:
D Boris


Innate Abilities, Weirdness & Mutations

You are very small and have problems with some larger weapons.
You are too small for most types of armour.
You have supernaturally acute eyesight. (SInv)
You cover ground extremely quickly.


Message History

* * * LOW HITPOINT WARNING * * *
Boris completely misses you.
You hit Boris but do no damage. The naga warrior completely misses you.
Unknown command.
You feel much better. Boris barely misses you. Boris completely misses you.
The naga warrior misses you.
You feel much better. Boris hits you! Boris completely misses you.
Unknown command.
Unknown command.
You feel much better. The naga warrior spits poison at you.
The splash of poison misses you. Boris hits you! Boris completely misses you.
The naga warrior misses you.
Boris conjures an orb of pure magic.
An orb of destruction comes into view.
There is a large open door to the Armoury (Hard) here.
The orb of destruction hits you!!!
Ouch! That really hurt!
You die...
Kikubaaqudgha rasps: "You have failed me!
Welcome... death!"

..##.......1 ..##........ ..##''#
..++..# ..++..# ''#####
''###############################
..)...............))..........†..
..[..)....)..)).@.........(...†..
.[##############☼'##############.
..# #...○..#[[[[#[[#[[#. (.#
##++##..○...##''##[[#[[#. .)#
#.)..#()NL.)#....#.....#. ..#
###..).###..###....####..#. ..#
+.L.e°.................'..#. ([#
####...N............####..#. ..#
#..####....####..#.....#.


You could see Boris (invisible) and a naga warrior.

Vanquished Creatures
  An emperor scorpion (D)
  2 orc warlords (D)
  A minotaur (D)
  A boulder beetle (D)
  3 vault guards (D)
  An alligator snapping turtle (D)
  3 death yaks (D)
  4 deep elf knights (D)
  A sun demon (D)
  2 sixfirhies (D)
  A sea snake (D)
  A spriggan druid (D)
  A swamp dragon (D)
  A bog body (D)
  8 orc knights (D)
  A phantasmal warrior (D)
  A deep elf mage (D)
  2 cyclopes (D)
  A black mamba (D)
  3 gargoyles (D)
  2 cane toads (D)
  A demonic crawler (D)
  A komodo dragon (D)
  A tormentor (D)
  A troll (D)
  10 blink frogs (D)
  A jumping spider (D)
  A wind drake (D)
  Grinder (D)
  A spriggan (D)
  2 shadows (D)
  A wyvern (D)
  4 yaks (D)
  A basilisk (shapeshifter) (D)
  Grum (D)
  4 vampire mosquitoes (D)
  A warg (D)
  An acid dragon (D)
  2 floating eyes (D)
  An ice beast (D)
  9 wolves (D)
  A centaur (D)
  A scorpion (D)
  A small abomination (D)
  6 orc priests (D)
  2 orc wizards (D)
  A hell rat (D)
  A mummy (D)
  3 adders (D)
  A gnoll (D)
  A river rat (D)
  3 white imps (D)
  An ufetubus (D)
  An ooze (D)
  A worm (D)
  4 orcs (D)
  A ball python (D)
  A bat (D)
  A giant cockroach (D)
  2 hobgoblins (D)
  2 frilled lizards (D)
  A giant cockroach zombie (D)
  A goblin (D)
  A kobold (D)
  A rat (D)
125 creatures vanquished.

Vanquished Creatures (others)
  A vault guard (D)
1 creature vanquished.

Grand Total: 126 creatures vanquished

Notes
Turn   | Place    | Note
-------+----------+-------------------------------------------
     0 | D        | Groucho the Spriggan Enchanter began the quest for the Orb.
     0 | D        | Reached XP level 1. HP: 9/9 MP: 5/5
    12 | D        | Reached skill level 5 in Stealth
    37 | D        | Found a bloodstained altar of Trog.
    37 | D        | Found a shimmering blue altar of Sif Muna.
    37 | D        | Found a viscous altar of Jiyva.
    37 | D        | Found a hazy altar of Hepliaklqana.
    37 | D        | Found an opulent altar of Gozag.
    38 | D        | Found a glowing golden altar of the Shining One.
    38 | D        | Found a glowing silver altar of Zin.
    38 | D        | Found a basalt altar of Yredelemnul.
    38 | D        | Found a shimmering altar of Xom.
    38 | D        | Found an ornate altar of the Wu Jian Council.
    38 | D        | Found a sacrificial altar of Ru.
    38 | D        | Found a stormy altar of Qazlal.
    38 | D        | Found an iron altar of Okawaru.
    38 | D        | Found a sparkling altar of Nemelex Xobeh.
    38 | D        | Found a burning altar of Makhleb.
    38 | D        | Found a blossoming altar of Fedhas.
    38 | D        | Found a white marble altar of Elyvilon.
    38 | D        | Found a shadowy altar of Dithmenos.
    38 | D        | Found a snail-covered altar of Cheibriados.
    40 | D        | Found a radiant altar of Vehumet.
    40 | D        | Found a corrupted altar of Lugonu.
    40 | D        | Found a roughly hewn altar of Beogh.
    41 | D        | Found a hide-covered altar of Uskayaw.
    41 | D        | Found an ancient bone altar of Kikubaaqudgha.
    41 | D        | Found a broken altar of Ashenzari.
    52 | D        | Became a worshipper of Kikubaaqudgha
    69 | D        | Noticed a floating eye
    77 | D        | Paralysed by a floating eye for 4 turns
    85 | D        | Killed a floating eye
    86 | D        | Reached skill level 10 in Stealth
    86 | D        | Reached skill level 5 in Spellcasting
    86 | D        | Reached XP level 2. HP: 13/13 MP: 5/9
    86 | D        | Reached XP level 3. HP: 16/16 MP: 6/11
    86 | D        | Reached XP level 4. HP: 21/21 MP: 6/12
   439 | D        | Learned a level 2 spell: Ensorcelled Hibernation
   443 | D        | Learned a level 3 spell: Confusing Touch
   445 | D        | Reached * piety under Kikubaaqudgha
   445 | D        | Identified Kikubaaqudgha's Tome of Evil (Kikubaaqudgha
                  | gifted it to you in the Dungeon)
   445 | D        | Received a gift from Kikubaaqudgha
   456 | D        | Noticed a deep elf mage
   457 | D        | Noticed a floating eye
   461 | D        | Killed a floating eye
   461 | D        | Reached ** piety under Kikubaaqudgha
   462 | D        | Reached skill level 12 in Stealth
   462 | D        | Reached XP level 5. HP: 24/24 MP: 13/15
   794 | D        | Killed a deep elf mage
   795 | D        | Reached skill level 16 in Stealth
   795 | D        | Reached skill level 10 in Hexes
   795 | D        | Reached XP level 6. HP: 28/28 MP: 15/19
   795 | D        | Reached XP level 7. HP: 32/32 MP: 16/21
   842 | D        | Learned a level 3 spell: Dazzling Flash
   984 | D        | Reached *** piety under Kikubaaqudgha
   984 | D        | Identified Kikubaaqudgha's Guide on Evil Secrets
                  | (Kikubaaqudgha gifted it to you in the Dungeon)
   984 | D        | Received a gift from Kikubaaqudgha
   985 | D        | Reached skill level 10 in Spellcasting
  1092 | D        | Reached **** piety under Kikubaaqudgha
  1224 | D        | Reached skill level 1 in Necromancy
  1526 | D        | Noticed a cane toad
  1528 | D        | Killed a cane toad
  1528 | D        | Reached ***** piety under Kikubaaqudgha
  1529 | D        | Reached skill level 5 in Dodging
  1529 | D        | Reached skill level 17 in Stealth
  1529 | D        | Reached XP level 8. HP: 36/36 MP: 23/23
  1919 | D        | Reached ****** piety under Kikubaaqudgha
  1920 | D        | Reached skill level 18 in Stealth
  2016 | D        | Noticed Grinder
  2023 | D        | Killed Grinder
  2026 | D        | Reached XP level 9. HP: 39/39 MP: 24/24
  2036 | D        | Noticed a cane toad
  2036 | D        | Noticed a cyclops
  2069 | D        | Reached skill level 5 in Necromancy
  2113 | D        | Killed a cyclops
  2717 | D        | Reached skill level 5 in Short Blades
  2938 | D        | Killed a cane toad
  2939 | D        | Reached skill level 10 in Dodging
  2939 | D        | Reached skill level 19 in Stealth
  2944 | D        | Noticed a black mamba
  2959 | D        | Killed a black mamba
  3063 | D        | Noticed a jumping spider
  3067 | D        | Killed a jumping spider
  3564 | D        | Noticed a demonic crawler
  3592 | D        | Killed a demonic crawler
  3593 | D        | Reached XP level 10. HP: 25/44 MP: 19/26
  4188 | D        | Noticed Grum
  4192 | D        | Killed Grum
  4219 | D        | Noticed a gargoyle
  4219 | D        | Noticed an emperor scorpion
  4222 | D        | Killed a gargoyle
  4223 | D        | Killed an emperor scorpion
  4224 | D        | Reached skill level 20 in Stealth
  4245 | D        | Noticed a sixfirhy
  4249 | D        | Noticed a bog body
  4284 | D        | Reached skill level 1 in Conjurations
  4338 | D        | Killed a sixfirhy
  4634 | D        | Killed a bog body
  4644 | D        | Noticed a cyclops
  4647 | D        | Killed a cyclops
  4661 | D        | Noticed a phantasmal warrior
  4741 | D        | Learned a level 4 spell: Dispel Undead
  4765 | D        | Killed a phantasmal warrior
  4766 | D        | Reached skill level 21 in Stealth
  4766 | D        | Reached XP level 11. HP: 22/47 MP: 15/28
  5065 | D        | Noticed a death yak
  5310 | D        | Reached skill level 1 in Fighting
  5381 | D        | Noticed a death yak
  5594 | D        | Noticed a boulder beetle
  5933 | D        | Killed a boulder beetle
  5943 | D        | Killed a death yak
  5968 | D        | Killed a death yak
  5969 | D        | Reached skill level 15 in Dodging
  5969 | D        | Reached skill level 10 in Necromancy
  6240 | D        | Noticed a spriggan druid
  6263 | D        | Killed a spriggan druid
  6264 | D        | Reached skill level 5 in Conjurations
  6348 | D        | Got the Grimoire of Arcane Weapons and Creation
  6487 | D        | Reached skill level 1 in Shields
  6776 | D        | Noticed a sea snake
  6776 | D        | Noticed a sixfirhy
  6785 | D        | Killed a sea snake
  6801 | D        | Killed a sixfirhy
  7149 | D        | Learned a level 5 spell: Agony
  7701 | D        | Noticed a sun demon
  7729 | D        | Killed a sun demon
  7736 | D        | Reached XP level 12. HP: 35/58 MP: 16/30
  8365 | D        | Noticed an alligator snapping turtle
  8370 | D        | Killed an alligator snapping turtle
  8544 | D        | Noticed a death yak
  8587 | D        | Killed a death yak
  8592 | D        | Reached skill level 10 in Short Blades
  9089 | D        | Noticed an orc warlord
  9100 | D        | Killed an orc warlord
  9101 | D        | Reached skill level 5 in Fighting
  9333 | D        | Noticed a Brimstone Fiend
  9661 | D        | Noticed a minotaur
  9683 | D        | Killed a minotaur
  9889 | D        | Noticed a vault guard
  9915 | D        | Killed a vault guard
 10099 | D        | Noticed an orc warlord
 10138 | D        | Killed an orc warlord
 10450 | D        | Noticed a vault guard
 10450 | D        | Noticed a vault guard
 10536 | D        | Killed a vault guard
 10910 | D        | Reached XP level 13. HP: 65/65 MP: 29/32
 11710 | D        | Noticed Boris
 11715 | D        | Reached skill level 5 in Shields
 11715 | D        | Reached skill level 15 in Spellcasting
 11748 | D        | HP: 3/65 [Boris (23)]
 11756 | D        | Blown up by Boris

Illustrated notes

Levels and vault maps discovered:
D:        pitsprint [storerooms_1, entrance_room_1, metal_vault_3, armoury_1,
          mini_pit_1, grid_room_1, main_hall_1, silver_pit, the_coven_3,
          the_vestibule_1, steel_vault_3, golden_pit, hallway_of_sentries,
          crystal_vault_1, iron_vault_5, final_vault]

Skill      XL: |  1  2  3  4  5  6  7  8  9 10 11 12 13 |
---------------+----------------------------------------+-----
Stealth        | 10 12 16 17 18 19 21 | 21.0
Spellcasting   | 5 7 9 10 11 12 13 14 15 | 15.0
Hexes          | 6 7 10 12 13 14 | 14.0
Necromancy     | 2 4 7 9 11 12 13 | 13.1
Dodging        | 5 8 11 13 16 18 19 | 19.2
Short Blades   | 2 4 6 7 9 11 | 11.4
Conjurations   | 3 6 8 9 |  9.2
Fighting       | 4 6 |  6.4
Shields        | 2 4 5 |  5.1

Action                   |  1- 3 |  4- 6 |  7- 9 | 10-12 | 13-15 || total
-------------------------+-------+-------+-------+-------+-------++-------
Melee: Dagger            |     9 |    11 |    83 |   217 |    15 ||   335
Throw: Stone             |       |       |     1 |     7 |       ||     8
 Cast: Ensorcelled Hiber |       |       |    65 |    65 |     7 ||   137
       Confusing Touch   |       |       |     5 |    19 |     2 ||    26
       Corona            |       |       |     1 |       |       ||     1
       Dazzling Flash    |       |       |     3 |    32 |     2 ||    37
       Dispel Undead     |       |       |       |     5 |       ||     5
       Agony             |       |       |       |     2 |       ||     2
  Use: Potion            |       |       |     5 |    10 |     5 ||    20
       Scroll            |       |       |       |     1 |       ||     1
 Stab: Sleeping          |     1 |     5 |    38 |    38 |     4 ||    86
       Confused          |       |       |     5 |    18 |     1 ||    24
       Invisible         |       |       |     1 |    17 |       ||    18
Armor: Robe              |       |       |     4 |     6 |     3 ||    13
Dodge: Dodged            |       |     2 |    88 |   165 |    22 ||   277
